 Dungeon Crawl Stone Soup version 0.28.0-53-g5a82cb258f (webtiles) character file.

Game seed: 1927026576055998097

79783 cbfl8 the Severer (level 15, -2/141 HPs)
             Began as a Minotaur Berserker on Sept 7, 2022.
             Was a High Priest of Trog.
             Slain by a cane toad (5 damage)
             ... while paralysed by a floating eye
             ... on level 6 of the Lair of Beasts.
             The game lasted 00:26:43 (35648 turns).

cbfl8 the Severer (Minotaur Berserker)             Turns: 35648, Time: 00:26:43

Health: -2/141     AC: 27    Str: 22    XL:     15   Next: 22%
Magic:  14/14      EV:  2    Int:  4    God:    Trog [*****.]
Gold:   1240       SH:  0    Dex: 20    Spells: 14/14 levels left

rFire   + + .      SeeInvis .   H - +3 battleaxe (flame)
rCold   . . .      Faith    .   (shield currently unavailable)
rNeg    . . .      Spirit   .   U - +3 plate armour {rF+}
rPois   .          Reflect  .   M - +2 hat
rElec   .          Harm     .   B - +0 cloak
rCorr   .          Rampage  .   T - +2 pair of gloves {Dex+3}
Will    +....                   x - +0 pair of boots
Stlth   ..........              Q - amulet of the acrobat
HPRegen 0.33/turn               g - ring of protection from fire
MPRegen 0.14/turn               A - ring of flight

@: paralysed, lethally poisoned (-2 -> -23), flying, slowed, studying Throwing
A: horns 2, retaliatory headbutt
a: Renounce Religion, Berserk, Trog's Hand, Brothers in Arms


You were on level 6 of the Lair of Beasts.
You worshipped Trog.
Trog was extremely pleased with you.
You visited 2 branches of the dungeon, and saw 21 of its levels.
You also visited: Volcano.

You collected 1240 gold pieces.

Inventory:

Hand Weapons
 H - a +3 battleaxe of flaming (weapon)
 S - a +0 battleaxe of flaming
Missiles
 p - a throwing net
Armour
 x - a +0 pair of boots (worn)
 B - a +0 cloak (worn)
 M - a +2 hat (worn)
 N - a +2 tower shield
 T - a +2 pair of gloves of dexterity (worn)
 U - a +3 plate armour of fire resistance (worn)
Jewellery
 g - a ring of protection from fire (left hand)
 A - a ring of flight (right hand)
 F - a ring of positive energy
 P - a ring of poison resistance
 Q - an amulet of the acrobat (around neck)
 R - the ring of Ytsasm {Ice Str-4 Dex+6 Stlth+}
   (You found it on level 5 of the Lair of Beasts)

   [ring of ice]

   It enhances your ice magic.
   Str:       It affects your strength (-4).
   Dex:       It affects your dexterity (+6).
   rF:        It makes you vulnerable to fire.
   rC:        It protects you from cold.
   Stlth:     It makes you more stealthy.
Wands
 h - a wand of digging (6)
 j - a wand of mindburst (9) (quivered)
 C - a wand of flame (28)
 J - a wand of acid (12)
 K - a wand of iceblast (13)
Scrolls
 a - a scroll of silence
 b - 3 scrolls of blinking
 c - 3 scrolls of enchant weapon
 d - 3 scrolls of fear
 i - 4 scrolls of teleportation
 l - 6 scrolls of fog
 n - a scroll of noise
 o - a scroll of identify
 q - 4 scrolls of brand weapon
 r - 5 scrolls of magic mapping
 t - 6 scrolls of immolation
 y - 5 scrolls of enchant armour
 I - a scroll of holy word {unknown}
Potions
 e - 7 potions of attraction
 f - a potion of brilliance {unknown}
 k - 5 potions of cancellation {unknown}
 m - 5 potions of curing
 s - a potion of ambrosia {unknown}
 u - 2 potions of invisibility
 v - 6 potions of mutation
 w - 4 potions of lignification {unknown}
 z - 2 potions of haste {unknown}
 D - a potion of berserk rage {unknown}
 E - 5 potions of resistance
 G - 5 potions of flight {unknown}
 L - 2 potions of might {unknown}
 O - a potion of heal wounds
 V - a potion of magic {unknown}


   Skills:
 * Level 15.4 Fighting
 * Level 20.2 Axes
 + Level 13.0 Armour
 * Level 10.7 Dodging
 + Level 2.1 Stealth
 * Level 9.3 Evocations


You had 14 spell levels left.
You didn't know any spells.
Your spell library was empty.

Dungeon Overview and Level Annotations

Branches:
Dungeon (15/15)            Temple (0/1) D:7            Lair (6/6) D:11
  Swamp (0/4) Lair:3       Spider (0/4) Lair:2          Orc (0/2) D:12
 Vaults (0/5) D:13         Depths (0/4) D:15        Volcano (visited)
  Slime: Lair:5-6

Altars:
Ashenzari
Makhleb
Ru
Vehumet

Shops:
D:10 (   D:11 :

Annotations:
D:15 2 transporters, Jingleheimer's ghost, journeyman FoFi
Lair:1 exclusion: 4 oklob plants


Innate Abilities, Weirdness & Mutations

You have a pair of horns on your head.
You reflexively headbutt those who attack you in melee.


Message History

The dream sheep bites you but does no damage.
The blink frog blinks!
The wall burns the dream sheep!
A dream sheep comes into view.
The six-headed hydra bites you but does no damage. x2
The six-headed hydra barely misses you.
The six-headed hydra bites you but does no damage. x2
The six-headed hydra completely misses you.
You feel sick.
The cane toad stings you but does no damage.
The floating eye's view fixates on you.
A dream sheep comes into view.
The cane toad stings you but does no damage.
The six-headed hydra bites you but does no damage.
The six-headed hydra bites you.
* * * LOW HITPOINT WARNING * * *
The six-headed hydra bites you but does no damage. x4
You feel sick.
The dream sheep bleats!
The dream sheep are wreathed in dream dust.
You feel drowsy...
You can't fall asleep in your current state!
A dream sheep comes into view.
The floating eye gazes piercingly through you!
You shrug off the repeated paralysis!
A dream sheep comes into view.
You are overwhelmed by glittering dream dust!
You feel drowsy...
You can't fall asleep in your current state!
The cane toad stings you!
* * * LOW HITPOINT WARNING * * *
You are lethally poisoned!
The cane toad poisons you!
The dream sheep bites you but does no damage.
The wall burns the dream sheep!
The six-headed hydra bites you but does no damage. x6
* * * LOW HITPOINT WARNING * * *
You feel very sick.
The dream sheep bleats!
The dream sheep bites you but does no damage.
The dream sheep ruffle their wool and motes of dream dust sparkle, to no effect.
The cane toad stings you.
You die...

..# ## ##.#
###.# #..#
#PP.(##..#
#........#
#......[.#
#...)....# .#
#...F.†Y@#°..#.
#......YFDwY....
#......†YY.FY...
#.......<.GY..Y.
##.###....#...#.
# ##..###GY#
#..# .YY( .!..


.YY .... You could see a six-headed hydra, a torpor snail, an eye of
devastation, 2 cane toads, a blink frog, 13 dream sheep and a floating eye.

Vanquished Creatures
  A dire elephant (D:15)
  A fire dragon (Volcano)
  Erolcha (D:13)
  8 vault guards (D:13)
  3 catoblepae
  4 boulder beetles
  8 hydras
  10 two-headed ogres
  An ogre mage (D:15)
  9 centaur warriors
  2 tengu warriors
  Urug (Lair:2)
  Sonja (D:10)
  4 skeletal warriors (D:14)
  A lindwurm (shapeshifter) (D:15)
  5 lindwurms (Volcano)
  2 harpies (shapeshifter) (D:15)
  Pikel (D:9)
  2 deep elf pyromancers
  8 manticores
  An oklob plant (D:11)
  A salamander (D:15)
  4 ugly things
  3 cyclopes
  14 elephants
  4 black mambas
  3 smoke demons (Volcano)
  2 gargoyles
  7 cane toads
  5 komodo dragons
  4 kobold demonologists
  An efreet (D:15)
  An unseen horror (D:12)
  A tengu conjurer (D:13)
  4 trolls
  3 blink frogs
  6 slime creatures
  2 dream sheep (Lair:6)
  2 shadows
  A vampire (D:9)
  2 water elementals (D:14)
  Sigmund (D:3)
  6 wyverns
  37 yaks
  2 basilisks
  7 steam dragons
  Grum (D:10)
  A redback (Lair:2)
  8 vampire mosquitoes
  Edmund (D:4)
  Menkaure (D:5)
  5 acid dragons
  Duvessa (D:4)
  3 hell hounds (Volcano)
  16 water moccasins
  A floating eye (shapeshifter) (D:11)
  2 sky beasts
  5 black bears
  13 orc warriors
  An ice beast (D:7)
  A necrophage (D:6)
  4 ogres
  A boggart (D:11)
  23 wolves
  13 centaurs
  2 phantoms
  3 lemures (D:9)
  7 kobold brigands
  10 bullfrogs
  5 scorpions
  A wyvern zombie (D:7)
  Dowan (D:4)
  A water moccasin skeleton (D:6)
  9 killer bees
  4 howler monkeys
  3 centaur zombies
  A bullfrog zombie (D:5)
  9 hounds
  6 orc priests
  2 centaur skeletons
  4 jellies
  Ijyb (D:4)
  Terence (D:3)
  4 iguanas
  17 orc wizards
  A howler monkey zombie (D:9)
  3 gnolls (D:6)
  A howler monkey skeleton (D:5)
  3 adders
  3 worms
  5 dart slugs
  45 orcs
  7 endoplasms
  3 giant cockroaches
  3 goblins
  15 hobgoblins
  2 quokkas
  12 ball pythons
  2 bats
  2 frilled lizards
  33 kobolds
  2 rats (D:1)
531 creatures vanquished.

Vanquished Creatures (others)
  9 fungi
  28 plants
37 creatures vanquished.

Grand Total: 568 creatures vanquished

Notes
Turn   | Place    | Note
-------+----------+-------------------------------------------
     0 | D:1      | cbfl8 the Minotaur Berserker began the quest for the Orb.
     0 | D:1      | Reached XP level 1. HP: 19/19 MP: 0/0
   302 | D:1      | Reached skill level 4 in Axes
   302 | D:1      | Reached XP level 2. HP: 8/27 MP: 1/1
  1393 | D:2      | Reached XP level 3. HP: 26/33 MP: 2/2
  1654 | D:2      | Found a faded altar of an unknown god.
  1701 | D:2      | Reached ** piety under Trog
  1824 | D:3      | Noticed Sigmund
  1824 | D:3      | Noticed Terence
  1830 | D:3      | Killed Sigmund
  1831 | D:3      | Reached skill level 5 in Axes
  1831 | D:3      | Reached skill level 1 in Evocations
  1831 | D:3      | Reached XP level 4. HP: 41/41 MP: 3/3
  1831 | D:3      | Reached XP level 5. HP: 47/47 MP: 4/4
  1831 | D:3      | Killed Terence
  1832 | D:3      | Reached skill level 6 in Axes
  2249 | D:3      | You fall into a shaft and drop 1 floor!
  2251 | D:4      | Noticed a phantom
  2264 | D:4      | Killed a phantom
  2265 | D:4      | Reached XP level 6. HP: 41/55 MP: 5/5
  2627 | D:3      | Reached skill level 5 in Fighting
  2787 | D:3      | Reached skill level 7 in Axes
  3223 | D:4      | Noticed Duvessa
  3225 | D:4      | Noticed Dowan
  3230 | D:4      | Killed Duvessa
  3231 | D:4      | Reached XP level 7. HP: 61/61 MP: 6/6
  3232 | D:4      | Noticed Edmund
  3240 | D:4      | Killed Dowan
  3650 | D:4      | Killed Edmund
  4019 | D:4      | Noticed Ijyb
  4033 | D:4      | Killed Ijyb
  4398 | D:4      | Reached skill level 8 in Axes
  4638 | D:5      | Entered Level 5 of the Dungeon
  4702 | D:5      | Reached XP level 8. HP: 70/70 MP: 7/7
  4705 | D:5      | Reached skill level 5 in Armour
  5428 | D:5      | Noticed Menkaure
  5433 | D:5      | Killed Menkaure
  5433 | D:5      | Reached *** piety under Trog
  5434 | D:5      | Reached skill level 9 in Axes
  6304 | D:6      | Reached skill level 10 in Axes
  6720 | D:6      | Reached XP level 9. HP: 79/79 MP: 8/8
  7126 | D:6      | Noticed a kobold demonologist
  7127 | D:6      | Noticed a kobold demonologist
  7128 | D:6      | Noticed a kobold demonologist
  7136 | D:6      | Killed a kobold demonologist
  7141 | D:6      | Noticed an orange demon
  7142 | D:6      | Noticed an ice devil
  7143 | D:6      | Noticed a soul eater
  7143 | D:6      | Noticed a hellwing
  7400 | D:6      | Noticed a sixfirhy
  7405 | D:6      | Killed a kobold demonologist
  7406 | D:6      | Noticed a red devil
  7428 | D:6      | Killed a kobold demonologist
  7429 | D:6      | Reached skill level 11 in Axes
  7429 | D:6      | Reached skill level 5 in Dodging
  8181 | D:7      | Reached **** piety under Trog
  8499 | D:7      | Noticed a deep elf pyromancer
  8509 | D:7      | Killed a deep elf pyromancer
  8510 | D:7      | Reached XP level 10. HP: 80/89 MP: 9/9
  8771 | D:7      | Noticed a gargoyle
  8785 | D:7      | Killed a gargoyle
  8786 | D:7      | Reached skill level 5 in Evocations
  9115 | D:7      | Found a staircase to the Ecumenical Temple.
  9144 | D:7      | Found a radiant altar of Vehumet.
  9179 | D:7      | Reached skill level 12 in Axes
 10570 | D:8      | Noticed a centaur warrior
 10581 | D:8      | Killed a centaur warrior
 10595 | D:8      | Noticed a two-headed ogre
 10834 | D:8      | Killed a two-headed ogre
 11192 | D:8      | Noticed a cyclops
 11205 | D:8      | Killed a cyclops
 11206 | D:8      | Reached skill level 13 in Axes
 12008 | D:9      | Reached XP level 11. HP: 88/99 MP: 10/10
 12992 | D:9      | Reached skill level 10 in Fighting
 13441 | D:9      | Reached ***** piety under Trog
 13760 | D:9      | Noticed a two-headed ogre
 13766 | D:9      | Killed a two-headed ogre
 14000 | D:9      | Noticed Pikel
 14008 | D:9      | Killed Pikel
 14009 | D:9      | Reached skill level 14 in Axes
 14172 | D:9      | Found a burning altar of Makhleb.
 14301 | D:10     | Entered Level 10 of the Dungeon
 14399 | D:10     | Found a sacrificial altar of Ru.
 14401 | D:10     | Noticed Sonja
 14408 | D:10     | Killed Sonja
 14834 | D:10     | Found a broken altar of Ashenzari.
 14837 | D:10     | Noticed Grum
 15835 | D:10     | Found Cecwios's Weapon Shop.
 15895 | D:10     | Killed Grum
 16091 | D:10     | Received a gift from Trog
 16308 | D:11     | Found a staircase to the Lair.
 16308 | D:11     | Noticed an oklob plant
 16541 | D:11     | Noticed a two-headed ogre
 16546 | D:11     | Killed a two-headed ogre
 16992 | D:11     | Reached skill level 15 in Axes
 17179 | D:11     | Noticed a boulder beetle
 17188 | D:11     | Killed a boulder beetle
 17189 | D:11     | Reached XP level 12. HP: 34/110 MP: 11/11
 17688 | D:11     | Found Urucsof's Book Shoppe.
 18328 | D:12     | Reached skill level 1 in Stealth
 18751 | D:12     | Noticed a two-headed ogre
 18755 | D:12     | Killed a two-headed ogre
 19098 | D:12     | Noticed a two-headed ogre
 19104 | D:12     | Reached skill level 10 in Armour
 19108 | D:12     | Killed a two-headed ogre
 19117 | D:12     | Reached skill level 16 in Axes
 19558 | D:12     | Found a staircase to the Orcish Mines.
 20187 | D:13     | Noticed a vault guard
 20188 | D:13     | Noticed a vault guard
 20198 | D:13     | Killed a vault guard
 20202 | D:13     | Noticed a vault guard
 20205 | D:13     | Killed a vault guard
 20206 | D:13     | Noticed a vault guard
 20538 | D:13     | Killed a vault guard
 20541 | D:13     | Killed a vault guard
 20559 | D:13     | Noticed Erolcha
 20656 | D:13     | Killed Erolcha
 20924 | D:13     | Noticed a boulder beetle
 20944 | D:13     | Noticed a centaur warrior
 20956 | D:13     | Killed a centaur warrior
 20959 | D:13     | Killed a boulder beetle
 20960 | D:13     | Reached XP level 13. HP: 58/119 MP: 12/12
 21619 | D:13     | Found a gate to the Vaults.
 21673 | D:13     | Reached skill level 17 in Axes
 23162 | D:13     | Found a sacrificial altar of Ru.
 26803 | D:15     | Entered Level 15 of the Dungeon
 26828 | D:15     | Reached skill level 18 in Axes
 28007 | D:15     | Noticed Jingleheimer's ghost (journeyman FoFi)
 28010 | D:15     | Reached XP level 14. HP: 105/130 MP: 13/13
 28012 | D:15     | Noticed a tengu reaver
 28373 | D:15     | Found a transporter.
 28376 | D:15     | Found a transporter.
 28445 | D:15     | Found a staircase to the Depths.
 29484 | D:15     | Noticed a broodmother
 29764 | Lair:1   | Entered Level 1 of the Lair of Beasts
 30171 | Lair:1   | Reached skill level 10 in Dodging
 31166 | Lair:2   | Noticed Urug
 31173 | Lair:2   | Killed Urug
 31188 | Lair:2   | Reached skill level 19 in Axes
 31199 | Lair:2   | Found a dark tunnel.
 31210 | Volcano  | Entered a volcano
 31457 | Volcano  | Received a gift from Trog
 32187 | Lair:2   | Found a hole to the Spider Nest.
 32906 | Lair:3   | Found a staircase to the Swamp.
 34597 | Lair:5   | Reached skill level 15 in Fighting
 35011 | Lair:5   | Reached skill level 20 in Axes
 35017 | Lair:5   | Reached XP level 15. HP: 120/141 MP: 14/14
 35411 | Lair:5   | Identified the ring of Ytsasm {Ice Str-4 Dex+6 Stlth+}
 35618 | Lair:6   | Entered Level 6 of the Lair of Beasts
 35645 | Lair:6   | Paralysed by a floating eye for 4 turns
 35648 | Lair:6   | HP: 3/141 [poisoned by a cane toad]
 35648 | Lair:6   | Slain by a cane toad

Illustrated notes

Levels and vault maps discovered:
D:1:      saegor_arrival_simple_d, layout_rooms, serial_park_tiny_2,
          chequers_serial_rivers_small_a
D:2:      layout_rooms, basic_ecumenical_altar, small_statue_intersection
D:3:      layout_loops_cross, minmay_starry_boxes, uniq_sigmund, uniq_terence
D:4:      layout_loops_ring, uniq_duvessa, uniq_ijyb, uniq_edmund
D:5:      black_bear_nest_1, layout_basic, uniq_menkaure
D:6:      layout_loops_corners
D:7:      layout_basic, mainiacjoe_overflow_alcove_4,
          minmay_temple_entry_glassed_door, minmay_manual_monolith
D:8:      minmay_weird_star, layout_rooms, lemuel_another_geyser
D:9:      minmay_thinvault, layout_irregular_city, kennysheep_mini_moat,
          uniq_pikel
D:10:     layout_loops_corners, mainiacjoe_overflow_paths,
          mainiacjoe_overflow_chevrons, serial_shops,
          nicolae_shop_bloodbath_and_beyond, uniq_sonja, uniq_grum
D:11:     layout_small_grid, dpeg_oklobed_lair, serial_shops, kennysheep_mini,
          minmay_three_doors
D:12:     layout_basic, orc_0_dummy, grunt_ministairs_2
D:13:     layout_cross, erik_vaults_2, minmay_misc_feat_room, nrook_uturn,
          nicolae_ru_awakened_eye, uniq_erolcha
D:14:     layout_gridville, serial_bayou_shore_a
D:15:     hangedman_depths_entry_try_elsewhere_first, layout_basic,
          gammafunk_ghost_arena, minmay_misc_feat_diagonals
Lair:1:   layout_chaotic_city, disabler_island
Lair:2:   layout_roguey, spider_nest_entry_rubble,
          nicolae_volcano_entry_hallway, st_stairs_6, lemuel_fruit_fields,
          uniq_urug
Lair:3:   wad_woods_structure_01, layout_gridlike, swamp_mist,
          chequers_serial_rivers_small_a
Lair:4:   layout_gridlike, serial_rivers, chequers_serial_rivers_room_a,
          chequers_serial_rivers_small_b, chequers_serial_rivers_small_b,
          chequers_serial_rivers_small_3, chequers_serial_rivers_micro_a,
          chequers_serial_rivers_room_a
Lair:5:   nzn_motion_control, layout_gridlike
Lair:6:   cheibrodos_lair_end_hotspot, layout_big_grid, minmay_slime_entry_eyes,
          nzn_sisyphean_effort

Skill      XL: |  1  2  3  4  5  6  7  8  9 10 11 12 13 14 15 |
---------------+----------------------------------------------+-----
Axes           | 4 5 6 7 8 10 11 13 15 16 18 20 | 20.2
Fighting       | 4 5 7 8 9 11 12 13 15 | 15.4
Evocations     | 1 2 3 4 5 6 7 8 9 |  9.3
Dodging        | 3 4 5 6 7 8 9 10 | 10.7
Armour         | 3 4 5 7 8 9 10 12 13 | 13.0
Stealth        | 1 2 |  2.1

Action                   |  1- 3 |  4- 6 |  7- 9 | 10-12 | 13-15 || total
-------------------------+-------+-------+-------+-------+-------++-------
Melee: Hand axe          |    79 |    81 |   339 |   153 |       ||   652
       Headbutt          |     8 |    14 |    64 |   139 |   150 ||   375
       Punch             |       |     1 |     5 |     2 |       ||     8
       War axe           |       |       |       |   126 |       ||   126
       Battleaxe         |       |       |       |   282 |   563 ||   845
Invok: Berserk           |     1 |     1 |     7 |    11 |     6 ||    26
       Trog's Hand       |       |       |     1 |       |       ||     1
Evoke: Wand              |       |       |       |     8 |     9 ||    17
  Use: Scroll            |       |       |     3 |    10 |    10 ||    23
       Potion            |       |       |     2 |     5 |       ||     7
 Stab: Petrified         |       |       |       |       |     8 ||     8
       Petrifying        |       |       |       |       |     3 ||     3
Armor: Animal skin       |     5 |       |       |       |       ||     5
       Scale mail        |    13 |    16 |       |       |       ||    29
       Chain mail        |       |     3 |    30 |       |       ||    33
       Plate armour      |       |       |   161 |   317 |   521 ||   999
Dodge: Dodged            |    47 |    33 |   110 |   247 |   368 ||   805
